[Event "Summer Prague Open-A 2022"]
[Site "Prague"]
[Date "2022.08.09"]
[Round "6.21"]
[White "Nemeth, Zalan"]
[Black "Schletter, Felix"]
[Result "1-0"]
[ECO "A34"]
[WhiteElo "2194"]
[BlackElo "1975"]
[Annotator "TA"]
[PlyCount "73"]
[EventDate "2022.08.05"]
[EventType "swiss"]
[EventCountry "CZE"]
[SourceTitle "playchess.com"]
[Source "ChessBase"]
[SourceQuality "1"]
[TimeControl "40/5400+30:1800+30"]

1. c4 c5 2. g3 Nf6 3. Bg2 d5 4. cxd5 Nxd5 5. Nc3 Nc7 6. Qa4+ Bd7 7. Qb3 {[%emt 0:01:21] A34: Symmetrical English: 2 Nc3, lines with ...d5.} Nc6 8. Qxb7 Nd4 9. Qe4 {[%emt 0:00:29] Against Nc2+. White is slightly better.} f6 {[%emt 0:07:17] [#]} (9... g6 $1 $11 {keeps the balance.}) 10. Qb1 $1 $16 Rb8 11. e3 Nc6 12. Nge2 e5 13. O-O Be7 {[%emt 0:00:57] [#]} 14. Rd1 $146 ({Predecessor:} 14. d4 cxd4 15. exd4 Nxd4 16. Rd1 Bc5 17. Nxd4 Bxd4 18. Ne2 Ne6 19. Bd5 Ba4 20. Bxe6 Bxd1 21. Nxd4 Qxd4 {1-0 (26) Docx,S (2419)-Strohhaeker,R (2367) Germany 2015}) 14... Ne6 {[%emt 0:03:02] Prevents d4.} 15. Nd5 O-O 16. b3 Bd6 17. d3 Ne7 (17... Ng5 $142) 18. Ba3 Bb5 19. Nec3 Be8 20. Qc2 f5 21. f4 {[%emt 0:02:47] White is more active.} g5 $2 {[%emt 0:04:47] This move loses the game for Black.} (21... exf4 $16 22. Nxe7+ (22. gxf4 Ng6 $16) (22. Nxf4 Nxf4 23. gxf4 Qa5 $16) (22. exf4 Nd4 $16) 22... Bxe7) 22. fxe5 $18 Bxe5 23. d4 Bg7 24. dxc5 Nxd5 (24... Nc6 $142 25. Rac1 Qa5) 25. Bxd5 (25. Rxd5 Qe7 26. Rf1 Nc7 $18) 25... Qc8 26. Rac1 f4 (26... Bc6 $142 27. Qg2 Bxd5 28. Nxd5 Rf7) 27. exf4 gxf4 28. Qe4 Bf7 29. Bxe6 Bxe6 30. Rd6 Bh3 31. Nd5 Qg4 $2 (31... f3 32. Nf4 Qg4) 32. Nxf4 Rbe8 33. Qc4+ Kh8 34. Nxh3 Qxh3 35. Rd2 {[%emt 0:01:08] [#] Prevents Rf2. c6 is the strong threat.} Re3 36. Rg2 Ref3 $2 (36... Qf5 37. c6 Re4 38. Bxf8 Rxc4 39. Bxg7+ (39. bxc4 $2 {loses.} Bxf8 40. Re1 Bc5+ 41. Kh1 Qc8 $19) (39. Rxc4 Qb1+ 40. Kf2 Qxa2+ 41. Kf1 Qb1+ 42. Ke2 Qb2+ 43. Kf1 Qb1+ 44. Ke2 Qb2+ 45. Kf1 Qb1+ $11) 39... Kxg7 40. bxc4 (40. Rxc4 Qb1+ 41. Kf2 Qxa2+ 42. Kg1 Qb1+ 43. Kf2 Qb2+ 44. Ke3 Qxg2 $11) 40... Qe5) 37. c6 {[%emt 0:03:32] Weighted Error Value: White=0.34/Black=0.47} 1-0

[Event "Summer Prague Open-A 2022"]
[Site "Prague"]
[Date "2022.08.09"]
[Round "6.22"]
[White "Salem Eid, Ahmed"]
[Black "Bruchmann, Stephan"]
[Result "1/2-1/2"]
[ECO "B06"]
[WhiteElo "2165"]
[BlackElo "2226"]
[Annotator "TA"]
[PlyCount "107"]
[EventDate "2022.08.05"]
[EventType "swiss"]
[EventCountry "CZE"]
[SourceTitle "playchess.com"]
[Source "ChessBase"]
[SourceQuality "1"]
[TimeControl "40/5400+30:1800+30"]

1. e4 g6 2. d4 Bg7 3. Nc3 c6 4. Be3 d5 5. f3 Qb6 6. Qd2 Qxb2 7. Rb1 Qa3 8. exd5 {[%emt 0:02:25] B15: Caro-Kann: 3 Nc3: 3...g6 and 3...dxe4 4 Nxe4 Nf6 5 Nxf6+ exf6.} Nf6 9. Bc4 (9. dxc6 $11 Nxc6 10. Bc4) 9... O-O $15 10. Nge2 {[%emt 0:12:06] Black is slightly better.} Nbd7 11. dxc6 bxc6 12. O-O Nb6 13. Bb3 Ba6 14. Bh6 (14. Bf2 $11) 14... Rad8 {[%emt 0:17:38] Threatens to win with ...c5.} 15. Bxg7 Kxg7 {[%emt 0:00:07] [#]} 16. Qg5 $146 {[%emt 0:06:09] Prevents c5.} ({Predecessor:} 16. Ne4 Bxe2 17. Qxe2 Rxd4 18. Qe3 Rdd8 19. Qc3 Rc8 20. Qc5 Qxc5+ 21. Nxc5 Rfd8 22. Rfe1 {0-1 (37) Vanka,M (2189)-Haba,Z (2252) Ricany 2010}) 16... Nbd5 {[%emt 0:05:35] [#] Hoping for ...Nxc3.} 17. Rfd1 Qa5 18. Qd2 (18. Qe5 $11) 18... Qc7 (18... Rfe8 $15) 19. Na4 Rfe8 20. c4 Nb6 21. Qa5 Bc8 22. Bc2 ({Better is} 22. Nb2 $14) 22... Na8 (22... e5 $1 $11) 23. Qxc7 $14 Nxc7 24. Be4 Nxe4 25. fxe4 Bg4 26. Nac3 Rb8 27. h3 Bxe2 28. Nxe2 f5 29. e5 e6 (29... Rb6 $11) 30. Nc3 (30. Rb3 $14) 30... Red8 31. Rxb8 (31. Kf2 {is interesting.} g5 32. g4 Kf7 33. Rxb8 Rxb8 34. d5) 31... Rxb8 32. Rb1 Rxb1+ 33. Nxb1 $11 {[%emt 0:00:01][%mdl 4096] Endgame KN-KN} g5 34. Nd2 Kg6 (34... Na6 $5 ) 35. Nb3 f4 36. Na5 c5 37. dxc5 Kf5 38. Nc6 (38. Kf2 $11) 38... a6 (38... Na6 $15) 39. Kf2 Ke4 40. Ke2 h5 41. a4 g4 42. hxg4 hxg4 {[%emt 0:00:00] The position is equal.} 43. a5 f3+ 44. gxf3+ gxf3+ 45. Kf2 Kd3 46. Kxf3 Kxc4 47. Ke4 Kxc5 48. Nd8 Kc4 49. Nb7 Kc3 50. Nd8 Kc4 51. Nb7 Nd5 52. Nd6+ Kc5 53. Nb7+ Kc4 54. Nd6+ {[%emt 0:00:00] Weighted Error Value: White=0.17 (very precise) /Black=0.17 (very precise)} 1/2-1/2

[Event "Summer Prague Open-A 2022"]
[Site "Prague"]
[Date "2022.08.09"]
[Round "6.23"]
[White "Carnot, Luca"]
[Black "Prilleltensky, Matan"]
[Result "1/2-1/2"]
[ECO "A06"]
[WhiteElo "2035"]
[BlackElo "2191"]
[Annotator "RC"]
[PlyCount "44"]
[EventDate "2022.08.05"]
[EventType "swiss"]
[EventCountry "CZE"]
[SourceTitle "playchess.com"]
[Source "ChessBase"]
[SourceQuality "1"]
[TimeControl "40/5400+30:1800+30"]

1. Nf3 d5 2. g3 c6 3. Bg2 Bg4 4. d4 Nd7 5. Bf4 e6 6. Nbd2 Ngf6 7. h3 Bh5 8. c4 Be7 9. O-O O-O 10. Re1 Bg6 11. Qb3 Qc8 12. Rac1 Ne4 13. Nh2 Ndf6 14. Nhf1 a5 15. a4 Bb4 16. f3 Nxd2 17. Bxd2 Bxd2 18. Nxd2 Qc7 19. f4 Rad8 20. e3 Rfe8 21. Rf1 Qd7 22. Qc3 Ra8 1/2-1/2

[Event "Summer Prague Open-A 2022"]
[Site "Prague"]
[Date "2022.08.09"]
[Round "6.24"]
[White "Brylski, Pawel"]
[Black "Schimnatkowski, Lukas"]
[Result "1/2-1/2"]
[ECO "B71"]
[WhiteElo "1914"]
[BlackElo "2189"]
[Annotator "RC"]
[PlyCount "44"]
[EventDate "2022.08.05"]
[EventType "swiss"]
[EventCountry "CZE"]
[SourceTitle "playchess.com"]
[Source "ChessBase"]
[SourceQuality "1"]
[TimeControl "40/5400+30:1800+30"]

1. e4 c5 2. Nf3 d6 3. d4 cxd4 4. Nxd4 Nf6 5. Nc3 g6 6. f4 Nc6 7. Nxc6 bxc6 8. e5 dxe5 9. Qxd8+ Kxd8 10. fxe5 Nd5 11. Bc4 Be6 12. Ne2 Bg7 13. Nd4 Kd7 14. Nf3 Nb4 15. Bxe6+ Kxe6 16. Ng5+ Kd5 17. Kd1 Bxe5 18. a3 Na6 19. Nxf7 Rhf8 20. Nxe5 Kxe5 21. Re1+ Kd6 22. Be3 Nc7 1/2-1/2

[Event "Summer Prague Open-A 2022"]
[Site "Prague"]
[Date "2022.08.10"]
[Round "7.1"]
[White "Mirzoev, Azer"]
[Black "Roubalik, Jakub"]
[Result "1/2-1/2"]
[ECO "A46"]
[WhiteElo "2424"]
[BlackElo "2380"]
[Annotator "TA"]
[PlyCount "79"]
[EventDate "2022.08.05"]
[EventType "swiss"]
[EventCountry "CZE"]
[SourceTitle "playchess.com"]
[Source "ChessBase"]
[SourceQuality "1"]
[TimeControl "40/5400+30:1800+30"]

1. d4 Nf6 2. Nf3 e6 3. c4 d5 4. g3 dxc4 5. Qa4+ Nbd7 6. Bg2 a6 7. Qxc4 b5 8. Qc6 Ra7 ({But not} 8... Bb4+ 9. Bd2 Bxd2+ 10. Nbxd2 $16) 9. Be3 {[%emt 0:04:06] E03: Open Catalan: 5 Qa4+ Nbd7 6 Qxc4.} Bb7 10. Qc1 Nd5 11. Bg5 {[%emt 0:01:31] [#]} f6 $146 ({Predecessor:} 11... Qa8 12. Nc3 c5 13. dxc5 Bxc5 14. O-O O-O 15. Nxd5 Bxd5 16. Be3 Rc8 17. Qd2 Bxe3 18. Qxe3 {0-1 (50) Grabarczyk,M (2469)-Yakovich,Y (2569) Brescia 2009}) 12. Bd2 c5 (12... Bd6 $11) 13. O-O $1 $14 Qb6 14. dxc5 (14. e4 $16 Nb4 15. Bxb4 cxb4 16. Qe3 (16. Nbd2 g6 $11)) 14... Bxc5 $11 15. a3 {[%emt 0:02:02] [#] Threatens to win with e4.} a5 16. Nc3 O-O 17. Ne4 Be7 $1 18. Qb1 Raa8 19. Rd1 Nc5 20. Nxc5 Bxc5 21. Be1 b4 22. axb4 axb4 (22... Nxb4 {looks sharper.} 23. Nd2 Bxg2 24. Kxg2 Rfc8) 23. Rxa8 Rxa8 24. Nd2 Qb5 25. Bf3 Be7 26. Nb3 Qb6 27. Bd2 f5 28. Rc1 Rd8 29. Be1 h6 30. Qc2 Rc8 31. Qd1 Rxc1 32. Qxc1 Nf6 33. Bxb7 Qxb7 34. Nd4 Qe4 35. Qc4 Nd5 (35... Kh7 $5 36. Qxe6 Qxd4 37. Qxe7 Qxb2 38. Qxb4 Qxe2 $11) 36. e3 Kf7 {[%emt 0:00:57] The position is equal.} 37. Qc2 Qxc2 38. Nxc2 Bf6 39. Nxb4 Nxb4 40. Bxb4 {[%emt 0:00:03] Weighted Error Value: White=0.09 (flawless) /Black=0.10 (very precise)} 1/2-1/2

[Event "Summer Prague Open-A 2022"]
[Site "Prague"]
[Date "2022.08.10"]
[Round "7.2"]
[White "Ranaldi, Lucas"]
[Black "Cernousek, Lukas"]
[Result "0-1"]
[ECO "A30"]
[WhiteElo "2339"]
[BlackElo "2429"]
[Annotator "TA"]
[PlyCount "108"]
[EventDate "2022.08.05"]
[EventType "swiss"]
[EventCountry "CZE"]
[SourceTitle "playchess.com"]
[Source "ChessBase"]
[SourceQuality "1"]
[TimeControl "40/5400+30:1800+30"]

1. c4 c5 2. Nf3 Nc6 3. Nc3 e5 4. g3 g6 5. Bg2 Bg7 6. O-O d6 7. d3 Nge7 8. Bd2 O-O 9. a3 a5 10. Rb1 Rb8 11. Ne1 Be6 12. Nc2 d5 13. cxd5 Nxd5 14. Nxd5 Bxd5 15. b4 {[%emt 0:05:43] A37: Symmetrical English vs ...g6: 4 Bg2 Bg7 5 Nf3.} Bxg2 16. Kxg2 Qd5+ 17. Kg1 {[%emt 0:10:10] The position is equal.} axb4 18. axb4 cxb4 19. Nxb4 Nxb4 20. Rxb4 Rfc8 21. Qb3 Qxb3 22. Rxb3 Rc2 23. Be3 Rxe2 {[%emt 0:10:00] [#]} 24. Rc1 $146 ({Predecessor:} 24. Rfb1 h5 25. Rxb7 Rxb7 26. Rxb7 {½-½ (25) Paunovic,D (2520)-Cuenca Jimenez,J (2474) Roquetas de Mar 2012}) 24... Bf8 25. Ba7 Re8 26. Rc7 b5 27. Rxb5 Re7 28. Rxe7 Bxe7 $11 {[%emt 0:00:49][%mdl 4096] Endgame KRB-KRB} 29. Be3 f6 30. Bh6 g5 31. h4 gxh4 32. gxh4 Rc2 33. Rb8+ Kf7 34. h5 Bc5 35. Rb7+ Ke6 36. Rxh7 (36. Be3 $1 $11) 36... Rxf2 $17 {[%emt 0:00:20] ...Rf5+ is the strong threat. Black continues to play with concentration.} 37. Bg7 $2 (37. Bf8 $17 {might work better.} Bd4 38. Re7+ Kf5 39. h6) 37... Kf5 $19 38. Rh6 $2 {[%emt 0:01:39] [#]} (38. Bf8 $19 Be3 39. Rg7) 38... Rf4+ 39. Kh2 Rh4+ 40. Kg3 Rg4+ 41. Kf3 Rxg7 {[%emt 0:30:28] KRB-KR} 42. Rh8 Rd7 (42... Bd4 $142 43. h6 Rd7 44. Kg3 Kg6 45. Rf8 Bc5 46. Rg8+ Kxh6 47. Kf3 Rxd3+ 48. Ke4 Re3+ 49. Kf5 Rf3+ 50. Ke6 Bd4 51. Rf8 Kg5 52. Rf7 f5 53. Rg7+ Kf4 54. Rb7 Ke4 55. Rb1 f4 56. Kf6 Rc3 57. Rh1 f3 58. Re1+ Kd3 59. Kg5 f2 60. Rb1 Be3+ 61. Kf6 Bc1 62. Ke6 f1=Q 63. Rb8 Rc6+ 64. Kd7 Qf6 65. Rb3+ Kc4 66. Rc3+ Kxc3 67. Ke8 Qe6+ 68. Kf8 Bh6#) 43. Ke2 Bd4 44. Kf3 Kg5 (44... Rf7 $142 45. Kg3 Kg5 46. h6 Kg6 47. Rg8+ Kxh6 48. Kh4 f5 49. Rh8+ Kg7 50. Rc8 f4 51. Rc1 Kg6 52. Kg4 f3 53. Kh3 Kg5 54. Kg3 f2 55. Rf1 Be3 56. Kg2 Kf4 57. Rxf2+ Bxf2 58. Kxf2 Rg7 59. d4 exd4 60. Ke2 Ke4 61. Kd2 Rg2+ 62. Kd1 Ke3 63. Kc1 d3 64. Kb1 Rc2 65. Ka1 d2 66. Kb1 d1=Q#) 45. Rg8+ Kf5 46. Rh8 {[%emt 0:00:00] Prevents Rh7.} Ra7 {[%emt 0:00:00] Black mates.} 47. h6 Kg6 48. Ke4 f5+ 49. Kd5 Rh7 50. Rg8+ Kf7 51. Rg5 Kf6 52. Rg8 Rxh6 53. Rf8+ Kg5 54. Rxf5+ Kxf5 {[%emt 0:00:00] Weighted Error Value: White=0.53/Black=0.75} 0-1

[Event "Summer Prague Open-A 2022"]
[Site "Prague"]
[Date "2022.08.10"]
[Round "7.3"]
[White "Lutsko, Artem"]
[Black "Kulhanek, Tomas"]
[Result "1-0"]
[ECO "E11"]
[WhiteElo "2392"]
[BlackElo "2319"]
[Annotator "TA"]
[PlyCount "71"]
[EventDate "2022.08.05"]
[EventType "swiss"]
[EventCountry "CZE"]
[SourceTitle "playchess.com"]
[Source "ChessBase"]
[SourceQuality "1"]
[TimeControl "40/5400+30:1800+30"]

1. d4 Nf6 2. c4 e6 3. Nf3 Bb4+ 4. Bd2 a5 5. g3 d6 6. Bg2 Nbd7 7. O-O e5 8. Bc1 {[%emt 0:19:07] [#] Strongly threatening a3. E11: Bogo-Indian.} exd4 9. Nxd4 O-O 10. Nc2 {[%emt 0:00:03] White has an edge.} Bc5 11. Nc3 Re8 12. b3 Ne5 {[%emt 0:09:31] [#]} 13. Be3 $146 ({Predecessor:} 13. h3 c6 14. Be3 Qc7 15. Qd2 Bf5 16. Bxc5 dxc5 17. Ne3 Rad8 18. Qb2 Bc8 19. Rad1 {0-1 (41) Rustemov,A (2525)-Noboa Silva,K (2331) Chess.com INT 2021}) 13... Qe7 (13... Nfd7 $11) 14. Bxc5 $16 dxc5 15. Nd5 (15. e4 $16) 15... Nxd5 $11 16. cxd5 Bd7 (16... f5 $11 {feels stronger.}) 17. f4 $14 Ng4 18. e4 {[%emt 0:00:05] Prevents Bf5.} f6 19. Qd2 ({Better is} 19. a4 $16) 19... a4 20. Qc3 c6 21. h3 Nh6 22. Ne3 Nf7 23. Rae1 axb3 24. axb3 Ra2 25. g4 Nd6 (25... cxd5 $11 {remains equal.} 26. exd5 (26. Nxd5 Qd6 $11) 26... Bb5) 26. Qd3 {[%emt 0:06:26][%cal Oe4e5] aiming for e5!} Kh8 {[%emt 0:09:18] [#] Black cannot hold the game after this.} (26... Nf7 $14) 27. e5 $1 $18 fxe5 $2 (27... Nb5) 28. fxe5 Nb5 (28... Qxe5 $2 29. Nc2 Ne4 30. Rxe4) 29. e6 Bc8 (29... Bxe6 $142 30. dxe6 Qxe6) 30. Rf7 Qh4 31. Ref1 {[%emt 0:00:33] White threatens Rf8+ and mate.} Rg8 32. Rf8 Nd4 33. Nf5 Nxf5 34. Qxf5 Qe7 35. Rxg8+ Kxg8 36. d6 {[%emt 0:00:07] Weighted Error Value: White=0.16 (very precise) /Black=0.43} 1-0

[Event "Summer Prague Open-A 2022"]
[Site "Prague"]
[Date "2022.08.10"]
[Round "7.4"]
[White "Risting, Eivind Olav"]
[Black "Zamengo, Fulvio"]
[Result "0-1"]
[ECO "D20"]
[WhiteElo "2325"]
[BlackElo "2396"]
[Annotator "TA"]
[PlyCount "78"]
[EventDate "2022.08.05"]
[EventType "swiss"]
[EventCountry "CZE"]
[SourceTitle "playchess.com"]
[Source "ChessBase"]
[SourceQuality "1"]
[TimeControl "40/5400+30:1800+30"]

1. d4 d5 2. c4 dxc4 3. e4 b5 4. a4 c6 5. Nc3 b4 6. Na2 Nf6 7. e5 Nd5 8. Bxc4 e6 9. Nf3 a5 {[%emt 0:03:03] D10: Slav Defence: 3 cxd5 (without early Nf3) and 3 Nc3.} 10. Bg5 Be7 11. Bxe7 Qxe7 {[%emt 0:00:09] White is slightly better.} 12. Nc1 {[%emt 0:01:19] [#]} Nb6 $146 ({Predecessor:} 12... Ba6 13. Bxa6 Nxa6 14. Nb3 c5 15. Nxa5 O-O 16. O-O Qc7 17. Nc4 cxd4 18. Nd6 d3 {1-0 (50) Sjugirov,S (2678)-Solak,D (2607) Jerusalem 2015}) 13. Be2 (13. Bd3 $1 $14) 13... N8d7 14. Nb3 c5 15. dxc5 Nxc5 16. Nxc5 Qxc5 17. Rc1 Qd5 18. Bb5+ Bd7 19. Qxd5 Nxd5 20. Nd4 Bxb5 21. Nxb5 Ke7 22. g3 Rhc8 23. Kd2 g5 (23... f6 $11) 24. Rhe1 g4 25. Nd4 (25. Nd6 $14 Rcb8 26. Rc6) 25... Nb6 $11 26. b3 Rxc1 (26... Rd8 {seems wilder.} 27. Re4 h5 28. Rc5 Kf8) 27. Kxc1 {[%emt 0:02:49][%mdl 4096] Endgame KRN-KRN} (27. Rxc1 $11 Rd8 28. Ke3) 27... Rc8+ $15 28. Kb2 Nd7 29. f4 (29. Re3 $1 $15) 29... gxf3 $1 $19 30. Nxf3 Rc3 31. Nd4 Nc5 {[%emt 0:01:14] [#] ...Nd3+ is the strong threat.} 32. Re2 ({Not} 32. Nc6+ $2 Kd7 33. Nxb4 Rxb3+ 34. Kc2 Rxb4 $19) (32. Ka2 {keeps fighting.}) 32... Nd3+ 33. Kb1 Rc1+ 34. Ka2 Rc5 {[%emt 0:00:05] White must now prevent ...Nc1+.} 35. Rd2 Nxe5 36. Nb5 f5 37. h3 $2 {[%emt 0:00:34] [#]} (37. Kb1) 37... Nf3 38. Rf2 Ng5 39. Rh2 Ne4 {[%emt 0:00:07] Weighted Error Value: White=0.26 (precise) /Black=0.09 (flawless)} 0-1

[Event "Summer Prague Open-A 2022"]
[Site "Prague"]
[Date "2022.08.10"]
[Round "7.5"]
[White "Brejnik, Gustav"]
[Black "Sarkar, Justin"]
[Result "1/2-1/2"]
[ECO "A62"]
[WhiteElo "2292"]
[BlackElo "2346"]
[Annotator "TA"]
[PlyCount "48"]
[EventDate "2022.08.05"]
[EventType "swiss"]
[EventCountry "CZE"]
[SourceTitle "playchess.com"]
[Source "ChessBase"]
[SourceQuality "1"]
[TimeControl "40/5400+30:1800+30"]

1. d4 Nf6 2. c4 e6 3. g3 c5 4. d5 d6 5. Nc3 exd5 6. cxd5 g6 7. Bg2 Bg7 8. Nf3 O-O 9. O-O a6 10. a4 Nbd7 11. Bf4 Qe7 12. h3 {[%emt 0:04:47][%cal Bh2h3,Bh3h4][%mdl 32] 12.h3 has lost popularity.} h6 (12... Nh5 $11) 13. Qc1 $14 {[%emt 0:09:15] A63: Modern Benoni: Fianchetto Variation: 9...Nbd7.} g5 14. Bd2 Rb8 15. h4 {[%emt 0:10:23] White is slightly better.} g4 16. Ne1 Kh7 {[%emt 0:01:44] [#]} 17. Qc2+ $146 ({Predecessor:} 17. Nc2 Ne5 18. Ne3 Qd7 19. b4 cxb4 20. Qb1+ Kh8 21. Qxb4 Nh5 22. Nc4 f5 23. Nxd6 {1-0 (33) Bai,J (2444)-Smith,A (2148) London 2014}) 17... Kh8 18. Nd3 b5 ({Black should play} 18... Nh5 $14) 19. axb5 axb5 {[%emt 0:00:08] [#]} 20. Ra7 {[%emt 0:00:35] White is more active.} ({White should try} 20. b4 $1) 20... b4 $16 21. Na4 Rb7 (21... Qxe2 $2 22. Re1 b3 23. Qc3 $18 (23. Rxe2 bxc2 24. Bf4 Nb6 $11)) 22. Ra8 {[%emt 0:03:29][%cal Od2b4] aiming for Bxb4!} Rb8 (22... Qxe2 $2 23. Re1 b3 24. Qc3 $18 (24. Rxe2 bxc2 25. Bc3 c4 $15)) 23. Ra7 Rb7 (23... Qxe2 $2 24. Re1 b3 25. Qc3 $18 (25. Rxe2 bxc2 26. Bc3 Nb6 $15)) 24. Ra8 Rb8 $1 {[%emt 0:00:38] Weighted Error Value: White=0.12 (very precise) /Black=0.12 (very precise)} (24... Qxe2 $2 25. Re1 b3 26. Qc3 $18 (26. Rxe2 bxc2 27. Bc3 c4 $15)) 1/2-1/2

[Event "Summer Prague Open-A 2022"]
[Site "Prague"]
[Date "2022.08.10"]
[Round "7.6"]
[White "Kvaloy, Aksel Bu"]
[Black "Kaspi, Alexander"]
[Result "0-1"]
[ECO "B98"]
[WhiteElo "2289"]
[BlackElo "2414"]
[Annotator "TA"]
[PlyCount "80"]
[EventDate "2022.08.05"]
[EventType "swiss"]
[EventCountry "CZE"]
[SourceTitle "playchess.com"]
[Source "ChessBase"]
[SourceQuality "1"]
[TimeControl "40/5400+30:1800+30"]

1. e4 c5 2. Nf3 d6 3. d4 cxd4 4. Nxd4 Nf6 5. Nc3 a6 6. Bg5 e6 7. f4 Be7 8. Qf3 Qc7 9. O-O-O h6 10. Bh4 Nbd7 11. Be2 Rb8 {[%emt 0:09:09] 11...0-0 is vanishing.} (11... Nxe4 $2 12. Nxe4 (12. Nxe6 fxe6 13. Bxe7 d5 $16) 12... Bxh4 {[#]} 13. Nxe6 $1 fxe6 14. Qh5+ Kf8 15. Nxd6 $18 (15. Qxh4 d5 $16)) (11... O-O {is more complex.} 12. Qg3 Nc5 13. Bf3 e5) 12. g4 {[%emt 0:15:57] B99: Sicilian Najdorf: 6 Bg5 e6 7 f4 Be7 8 Qf3 Qc7 9 0-0-0 Nbd7.} (12. Qg3 $14) 12... b5 $1 $15 ({But not} 12... Nxe4 13. Nxe6 fxe6 14. Bxe7 $16 (14. Qxe4 Bxh4 15. Nd5 Qc5 $11)) 13. Bxf6 {[%emt 0:08:18] [#]} gxf6 $146 (13... Bxf6 $17 14. Ndxb5 axb5 15. Nxb5 Qb6 16. Nxd6+ Kf8) ({Predecessor:} 13... Bxf6 14. Bxb5 Bxd4 15. Bxd7+ Bxd7 16. Rxd4 Qb6 17. Qd3 Qxb2+ 18. Kd2 Bb5 19. Qe3 O-O {0-1 (30) Heinemann,J (2294)-Warakomski,T (2518) Warsaw 2017}) 14. Bd3 {[%emt 0:10:02] White has an edge.} b4 15. Nce2 Bb7 16. Kb1 Nc5 17. Ng3 a5 18. Bb5+ Kf8 19. f5 {[%emt 0:08:10] Strongly threatening fxe6.} e5 20. Nb3 {[%emt 0:01:49] [#] Black continues to play with concentration.} ({White should try} 20. Nde2 $1 $15) 20... Nxe4 $1 $17 21. Nxe4 Bxe4 {[%emt 0:00:11][%mdl 64] Discovered Attack. Dancing on a razor blade.} 22. Qxe4 Rxb5 23. Rd3 (23. Nd2 $17) 23... Kg7 $19 24. Rhd1 a4 $36 {[%emt 0:01:45][%cal Ba5a4,Ba4a3][%mdl 2080] Black is really pushing.} 25. Nd2 (25. Nc1 {was the only defense.}) 25... Rc8 26. Rc1 a3 27. b3 $2 (27. Rd5 Rb6 28. Nb3) 27... d5 28. Qe2 Rc5 29. Nf1 e4 30. Rh3 Qe5 31. c4 bxc3 32. Qe3 Kf8 (32... c2+ $142 33. Rxc2 Kf8 34. Qxh6+ Ke8 35. Qh8+ Kd7 36. Qxc8+ Rxc8 37. Ne3 Rxc2 38. Kxc2 Bb4 39. Nd1 e3 40. Kd3 e2 41. Kc2 Qe4+ 42. Rd3 e1=Q 43. Kc1 Qxd3 44. h4 Qexd1#) 33. Rxh6 Bd6 (33... c2+ $142 34. Rxc2 Kg8 35. Rh8+ Kxh8 36. Qxc5 Rxc5 37. Nd2 Rxc2 38. Kxc2 Qb2+ 39. Kd1 e3 40. Nc4 dxc4 41. Ke1 Qf2+ 42. Kd1 Qd2#) 34. Rh8+ Ke7 {[%emt 0:00:13] ( -> ...c2+)} 35. Rxc8 Rxc8 36. Qa7+ Rc7 37. Qa5 d4 38. Qxe5+ Bxe5 39. Ka1 c2 40. g5 d3# {[%emt 0:00:06] Weighted Error Value: White=1.81/Black=0.56} 0-1

[Event "Summer Prague Open-A 2022"]
[Site "Prague"]
[Date "2022.08.10"]
[Round "7.7"]
[White "Mannion, Stephen R"]
[Black "Zanan, Evgeny"]
[Result "0-1"]
[ECO "B90"]
[WhiteElo "2232"]
[BlackElo "2521"]
[Annotator "TA"]
[PlyCount "112"]
[EventDate "2022.08.05"]
[EventType "swiss"]
[EventCountry "CZE"]
[SourceTitle "playchess.com"]
[Source "ChessBase"]
[SourceQuality "1"]
[TimeControl "40/5400+30:1800+30"]

1. e4 c5 2. Nf3 d6 3. d4 cxd4 4. Nxd4 Nf6 5. Nc3 a6 6. f3 e5 7. Nb3 Be6 8. Be3 Nc6 9. Qd2 Rc8 {[%emt 0:16:48] B90: Sicilian Najdorf: Unusual White 6th moves, 6 Be3 Ng4 and 6 Be3 e5.} (9... d5 $11 {keeps the balance.} 10. exd5 Nxd5) 10. Be2 {[%emt 0:09:36] [#]} (10. O-O-O $16) 10... Ne7 $146 ({Predecessor:} 10... h5 11. O-O-O Qc7 12. Kb1 b5 13. Bg5 Nd7 14. Bd3 Nb6 15. f4 f6 16. Bh4 Nc4 17. Bxc4 bxc4 {½-½ (44) Gombar,P (2033)-Jancovic,P (2149) Slovakia 2011}) 11. O-O d5 {[%emt 0:00:58] With the idea ...d4. The position is equal.} 12. exd5 (12. f4 $11 {should be considered.}) 12... Nexd5 (12... Nfxd5 {seems wilder.} 13. Nxd5 Nxd5 14. f4 exf4 15. Bxf4 Nxf4 16. Qxf4 Bd6) 13. Nxd5 Nxd5 14. Bf2 Be7 15. Bd3 Nb4 {[%emt 0:15:13] Threatens to win with ...Bxb3.} 16. Rfd1 Nxd3 17. cxd3 O-O 18. d4 Qd5 (18... Bxb3 $5 19. axb3 exd4 $15) 19. dxe5 Qxe5 20. Nd4 Bg5 {[%emt 0:00:30] A strong pair of Bishops.} 21. Qe1 (21. Qb4 {with more complications.} Bf4 22. g3 Be3 23. Bxe3 Qxe3+ 24. Kg2) 21... Qxe1+ 22. Rxe1 Bd7 23. Rad1 Rfd8 24. Nb3 Bb5 25. Rxd8+ Rxd8 26. Nc5 Bc6 27. Ne4 {[%emt 0:00:35] Against Rd2} Bh6 28. Be3 f5 29. Bxh6 fxe4 $11 {[%emt 0:00:03][%mdl 4096] Endgame KRB-KRB} 30. Bg5 Rd5 31. h4 exf3 32. gxf3 Rf5 33. Re3 h6 34. Be7 Bxf3 35. a3 Bc6 36. b4 Rf4 37. Kh2 Rg4 38. Rg3 (38. Rd3 $17) 38... Re4 $19 39. Bf6 {[%emt 0:00:06] [#]} Kf7 ({And not} 39... Re2+ 40. Kg1 $15) 40. Bxg7 {[%emt 0:00:05] [#]} (40. Bc3 {is tougher.} Rxh4+ 41. Rh3) 40... Rxh4+ $2 (40... Re1 $1 $19 {[%csl Gc6][%cal Re1h1] has better winning chances.} 41. Kh3 Rh1+ 42. Kg4 Kxg7) 41. Kg1 $17 h5 42. Be5 Ke6 43. Bb8 Kd5 44. Bc7 Kc4 45. Bd8 Rh1+ 46. Kf2 Kb5 47. Rg5+ Ka4 48. Be7 Rh3 49. Ra5+ (49. Rf5 $17 {was called for.}) 49... Kb3 $19 50. Rf5 h4 51. Rh5 Rf3+ 52. Ke2 $2 (52. Kg1) 52... Rf7 {[%emt 0:00:04] aiming for ...Bf3+. Black is clearly winning.} 53. Re5 h3 {[%emt 0:00:19] ( -> ...h2)} 54. Bd6 Bb5+ 55. Kd2 Rd7 56. Re3+ Kb2 {[%emt 0:00:38] Weighted Error Value: White=0.43/Black=0.19 (very precise)} 0-1